 Dungeon Crawl Stone Soup version 0.29-a0-617-g7a6b98fccd (webtiles) character file.

Game seed: 843321150382865797

537 YayAnonymity the Archer (level 7, -11/56 HPs)
             Began as a Gnoll Hunter on June 17, 2022.
             Was a Follower of Fedhas.
             Mangled by an ogre
             ... wielding a +0 giant club
              (17 damage)
             ... on level 4 of the Dungeon.
             The game lasted 00:05:37 (4423 turns).

YayAnonymity the Archer (Gnoll Hunter)              Turns: 4423, Time: 00:05:37

Health: -11/56     AC:  7    Str: 10    XL:     7   Next: 25%
Magic:  10/10      EV: 18    Int:  9    God:    Fedhas [*.....]
Gold:   256        SH:  0    Dex: 17    Spells: 10/10 levels left

rFire   . . .      SeeInvis .   a - +1 shortbow
rCold   . . .      Faith    .   (shield currently unavailable)
rNeg    . . .      Spirit   .   q - +0 leather armour
rPois   .          Reflect  .   (no helmet)
rElec   .          Harm     .   p - +2 cloak
rCorr   .          Rampage  .   w - +0 pair of gloves
Will    .....                   (no boots)
Stlth   ++........              (no amulet)
HPRegen 0.18/turn               s - +4 ring of evasion
MPRegen 0.12/turn               (no ring)

@: no status effects
A: fangs 1, strong nose, distributed training
a: Renounce Religion


You were on level 4 of the Dungeon.
You worshipped Fedhas.
Fedhas was aware of your devotion.
You visited 2 branches of the dungeon, and saw 5 of its levels.

You collected 256 gold pieces.

Inventory:

Hand Weapons
 a - a +1 shortbow (weapon)
 b - a +1 dagger of venom
Missiles
 i - 5 javelins
Armour
 d - a +1 chain mail
 p - a +2 cloak (worn)
 q - a +0 leather armour (worn)
 w - a +0 pair of gloves (worn)
Jewellery
 e - an amulet of guardian spirit
 s - a +4 ring of evasion (left hand)
Scrolls
 c - 3 scrolls of immolation
 u - 2 scrolls of poison
Potions
 f - a potion of mutation
 h - a potion of haste {unknown}
 j - a potion of resistance {unknown}
 k - 2 potions of might
 l - a potion of berserk rage {unknown}
 n - a potion of attraction {unknown}
 r - a potion of curing
 t - a potion of flight {unknown}
 x - a potion of degeneration {unknown}


   Skills:
 + Level 5.2 Fighting
 + Level 2.3 Short Blades
 + Level 2.3 Long Blades
 + Level 2.3 Axes
 + Level 2.3 Maces & Flails
 + Level 2.3 Polearms
 + Level 2.3 Staves
 + Level 2.3 Slings
 + Level 8.9 Bows
 + Level 2.3 Crossbows
 + Level 2.3 Throwing
 + Level 2.3 Armour
 + Level 5.2 Dodging
 + Level 3.4 Stealth
 + Level 2.3 Shields
 + Level 2.3 Unarmed Combat
 + Level 2.3 Spellcasting
 + Level 1.9 Conjurations
 + Level 1.9 Hexes
 + Level 1.9 Summonings
 + Level 1.9 Necromancy
 + Level 1.9 Translocations
 + Level 1.9 Transmutations
 + Level 1.9 Fire Magic
 + Level 1.9 Ice Magic
 + Level 1.9 Air Magic
 + Level 1.9 Earth Magic
 + Level 1.9 Poison Magic
 + Level 2.6 Invocations
 + Level 2.3 Evocations


You had 10 spell levels left.
You didn't know any spells.
Your spell library contained the following spells:

 Spells                   Type           Power      Damage    Failure   Level
 Blink                    Tloc           8%         N/A       28%         2
 Lesser Beckoning         Tloc           4%         N/A       50%         3
 Manifold Assault         Tloc           4%         N/A       99%         5


Dungeon Overview and Level Annotations

Branches:
Dungeon (4/15)             Temple (1/1) D:4

Altars:
Cheibriados
Dithmenos
Fedhas
Hepliaklqana
Makhleb
Nemelex Xobeh
Okawaru
Qazlal
Ru
Sif Muna
Uskayaw
Vehumet
Xom
Yredelemnul
Zin
The Shining One


Innate Abilities, Weirdness & Mutations

You have very sharp teeth.
Your uncanny sense of smell can sniff out nearby items.
Your experience applies equally to all skills.


Message History

You shoot an arrow. The arrow closely misses the orc.
The orc closely misses you. The ogre misses you.
You shoot an arrow.
The arrow hits the orc but does no damage.
The orc is heavily wounded.
The orc hits you but does no damage.
You shoot an arrow. The arrow hits the orc.
You kill the orc!
Fedhas appreciates your contribution to the ecosystem.
The ogre hits you with a +0 giant club!!
You are too injured to fight recklessly!
You are too injured to fight recklessly!
You are too injured to fight recklessly!
You are too injured to fight recklessly!
Shoot: a) +1 shortbow
Press: ? - help, Q - select action, (/) - cycle Shift-Dir - straight line, f - ogre
Aim: an ogre, wielding a +0 giant club (79% to hit)
You shoot an arrow.
The arrow hits the ogre but does no damage.
The ogre hits you with a +0 giant club!
* * * LOW HITPOINT WARNING * * *
Shoot: a) +1 shortbow
Press: ? - help, Q - select action, (/) - cycle Shift-Dir - straight line, f/p - ogre
Aim: an ogre, wielding a +0 giant club (79% to hit)
You shoot an arrow.
The arrow hits the ogre but does no damage.
Shoot: a) +1 shortbow
Press: ? - help, Q - select action, (/) - cycle Shift-Dir - straight line, f/p - ogre
Aim: an ogre, wielding a +0 giant club (79% to hit)
You shoot an arrow. The arrow hits the ogre.
The ogre is lightly wounded.
The ogre closely misses you. The kobold closely misses you.
Shoot: a) +1 shortbow
Press: ? - help, Q - select action, (/) - cycle Shift-Dir - straight line, f/p - ogre
Aim: an ogre, wielding a +0 giant club (lightly wounded, 79% to hit)
You shoot an arrow. The arrow hits the ogre!
The ogre is heavily wounded.
The kobold barely misses you. The ogre hits you with a +0 giant club!
You die...
Fedhas appreciates your contribution to the ecosystem.

.###....##....#...≈. ∆# ##
#....##....#s.# #
####.....#...†)8.# ∆ #
.##......#....#..# #
.#.......#....## $# ∆#
.........##....## ∆ ##
.#........##...)## ##.
####.......###.OK### ###..
# #..........###@÷.####^..
#....
###..#.........###......#
#..#.
##.[####........#.#######
#..## #..##
##.........##...## #..##
..## ##.....####.....###
#..## #.#
##......##...#....###..##
#.#
##...###.....###....#...##
#..# ##...##
##.....##..........
#...###...##
##..........###....


You could see an ogre and a kobold.

Vanquished Creatures
  A black bear (D:4)
  An ice beast (D:4)
  A phantom (D:4)
  An iguana (D:4)
  Natasha (thrice) (D:2)
  An orc wizard (D:4)
  2 adders
  2 ufetubi (D:4)
  2 worms (D:2)
  19 orcs
  9 endoplasms
  3 giant cockroaches
  3 goblins
  8 hobgoblins
  10 jackals (D:1)
  5 quokkas
  7 ball pythons
  3 bats
  2 frilled lizards (D:2)
  10 kobolds
  5 rats
  A bush (D:2)
99 creatures vanquished.

Vanquished Creatures (others)
  A quokka (D:4)
  3 plants
4 creatures vanquished.

Grand Total: 103 creatures vanquished

Notes
Turn   | Place    | Note
-------+----------+-------------------------------------------
     0 | D:1      | YayAnonymity the Gnoll Hunter began the quest for the Orb.
     0 | D:1      | Reached XP level 1. HP: 20/20 MP: 1/1
   117 | D:1      | Reached XP level 2. HP: 26/26 MP: 2/2
   381 | D:1      | Found a faded altar of an unknown god.
   455 | D:1      | Reached XP level 3. HP: 31/31 MP: 3/3
  1043 | D:2      | Reached skill level 1 in Invocations
  1139 | D:2      | Reached skill level 1 in Short Blades
  1139 | D:2      | Reached skill level 1 in Long Blades
  1139 | D:2      | Reached skill level 1 in Axes
  1139 | D:2      | Reached skill level 1 in Maces & Flails
  1139 | D:2      | Reached skill level 1 in Polearms
  1139 | D:2      | Reached skill level 1 in Staves
  1139 | D:2      | Reached skill level 1 in Slings
  1139 | D:2      | Reached skill level 1 in Crossbows
  1139 | D:2      | Reached skill level 1 in Throwing
  1139 | D:2      | Reached skill level 1 in Armour
  1139 | D:2      | Reached skill level 1 in Shields
  1139 | D:2      | Reached skill level 1 in Unarmed Combat
  1139 | D:2      | Reached skill level 1 in Spellcasting
  1139 | D:2      | Reached skill level 1 in Evocations
  1463 | D:2      | Noticed Natasha
  1469 | D:2      | Killed Natasha
  1470 | D:2      | Reached XP level 4. HP: 33/38 MP: 5/5
  1538 | D:2      | Noticed Natasha
  1545 | D:2      | Killed Natasha
  1546 | D:2      | Reached skill level 1 in Conjurations
  1546 | D:2      | Reached skill level 1 in Hexes
  1546 | D:2      | Reached skill level 1 in Summonings
  1546 | D:2      | Reached skill level 1 in Necromancy
  1546 | D:2      | Reached skill level 1 in Translocations
  1546 | D:2      | Reached skill level 1 in Transmutations
  1546 | D:2      | Reached skill level 1 in Fire Magic
  1546 | D:2      | Reached skill level 1 in Ice Magic
  1546 | D:2      | Reached skill level 1 in Air Magic
  1546 | D:2      | Reached skill level 1 in Earth Magic
  1546 | D:2      | Reached skill level 1 in Poison Magic
  1768 | D:2      | Reached XP level 5. HP: 43/43 MP: 6/6
  2017 | D:2      | Noticed Natasha
  2020 | D:2      | Killed Natasha
  3259 | D:4      | Found a blossoming altar of Fedhas.
  3327 | D:4      | Became a worshipper of Fedhas Madash
  3369 | D:4      | Found a staircase to the Ecumenical Temple.
  3375 | Temple   | Entered the Ecumenical Temple
  3956 | D:4      | Reached XP level 6. HP: 50/50 MP: 8/8
  4009 | D:4      | Noticed a black bear
  4015 | D:4      | Killed a black bear
  4016 | D:4      | Reached skill level 5 in Fighting
  4016 | D:4      | Reached skill level 5 in Dodging
  4173 | D:4      | Noticed a steam dragon
  4176 | D:4      | Reached XP level 7. HP: 53/56 MP: 10/10
  4177 | D:4      | Reached * piety under Fedhas
  4423 | D:4      | Mangled by an ogre

Illustrated notes

Levels and vault maps discovered:
D:1:      erik_arrival_cave_to_civilisation [erik_arrival_cave_to_hall],
          layout_loops_ring, dreamdust_ecumenical_altar_hidden_monk_grotto
D:2:      layout_loops_ring, serial_forest, infiniplex_forest_zigzag_1,
          infiniplex_forest_lined_room_, infiniplex_forest_straight_2,
          infiniplex_forest_straight_2, infiniplex_forest_end_3,
          infiniplex_forest_end_2, infiniplex_forest_straight_2, uniq_natasha
D:3:      layout_rooms
D:4:      layout_layer_cave, fedhas_altar_4, temple_green, nzn_random_ring
Temple:   regret_index_temple_generic_petals

Skill      XL: |  1  2  3  4  5  6 |
---------------+-------------------+-----
Invocations    | 1 2 |  2.6
Short Blades   | 1 2 |  2.3
Long Blades    | 1 2 |  2.3
Axes           | 1 2 |  2.3
Maces & Flails | 1 2 |  2.3
Polearms       | 1 2 |  2.3
Staves         | 1 2 |  2.3
Slings         | 1 2 |  2.3
Crossbows      | 1 2 |  2.3
Throwing       | 1 2 |  2.3
Armour         | 1 2 |  2.3
Shields        | 1 2 |  2.3
Unarmed Combat | 1 2 |  2.3
Spellcasting   | 1 2 |  2.3
Evocations     | 1 2 |  2.3
Conjurations   | 1 |  1.9
Hexes          | 1 |  1.9
Summonings     | 1 |  1.9
Necromancy     | 1 |  1.9
Translocations | 1 |  1.9
Transmutations | 1 |  1.9
Fire Magic     | 1 |  1.9
Ice Magic      | 1 |  1.9
Air Magic      | 1 |  1.9
Earth Magic    | 1 |  1.9
Poison Magic   | 1 |  1.9
Stealth        | 3 |  3.4
Fighting       | 5 |  5.2
Dodging        | 5 |  5.2
Bows           | |  8.9

Action                   |  1- 3 |  4- 6 |  7- 9 || total
-------------------------+-------+-------+-------++-------
Melee: Dagger            |       |    45 |       ||    45
       Bite              |       |    12 |       ||    12
       Punch             |       |     2 |       ||     2
 Fire: Shortbow          |    94 |   135 |    34 ||   263
  Use: Scroll            |       |     7 |     1 ||     8
Armor: Leather armour    |    11 |       |     4 ||    15
Dodge: Dodged            |    22 |    14 |    28 ||    64

Table legend: (Time is in decaauts)
 A = Elapsed time spent in this place.
 B = Non-inter-level travel time spent in this place.
 C = Inter-level travel time spent in this place.
 D = Time resting spent in this place.
 E = Time spent auto-exploring this place.
 F = Levels seen in this place.
 G = Mean time per level.
                   A        B        C        D        E       F      G
               +--------+--------+--------+--------+--------+-----+--------+
         Total |   4448 |   4218 |    230 |    180 |   3364 |   5 |  889.6 |
       Dungeon |   4157 |   3947 |    210 |    180 |   3104 |   4 | 1039.2 |
        Temple |    290 |    270 |     20 |      0 |    260 |   1 |  290.0 |
               +--------+--------+--------+--------+--------+-----+--------+

Top non-repeatable levels by time:
     D:2: 1743 daAuts
     D:4: 1044 daAuts
     D:1: 1018 daAuts
     D:3: 351 daAuts
  Temple: 290 daAuts
